 Dungeon Crawl Stone Soup version 0.20.1-1-g8b1a95d (webtiles) character file.

228 Folque the Magician (level 6, -4/39 HPs)
             Began as an Octopode Wizard on Dec 3, 2017.
             Slain by Doomgape's ghost (6 damage)
             ... on level 3 of the Dungeon.
             The game lasted 00:10:24 (2553 turns).

Folque the Magician (Octopode Wizard)               Turns: 2553, Time: 00:10:25

Health: -4/39      AC:  1    Str:  6    XL:     6   Next: 2%
Magic:  1/11       EV: 13    Int: 22    God:
Gold:   83         SH:  0    Dex: 11    Spells: 4/12 levels left

rFire    . . .     SeeInvis .   s - +0 scythe
rCold    . . .     Gourm    .   (shield currently unavailable)
rNeg     . . .     Faith    .   a - +0 hat
rPois    .         Spirit   .   (no amulet)
rElec    .         Reflect  .   (no ring)
rCorr    .         Harm     .   (no ring)
MR       .....                  (no ring)
Stlth    +++.......             (no ring)
Regen    0.2/turn               (no ring)
MPRegen  0.2/turn               (no ring)
                                (no ring)
                                (no ring)

@: very slightly contaminated, hasted, very quick
A: almost no armour, stealthy swim, amphibious, 8 rings, constrict 8, camouflage
1, gelatinous body 1
a: no special abilities


You were on level 3 of the Dungeon.
You were not hungry.

You visited 1 branch of the dungeon, and saw 3 of its levels.

You collected 83 gold pieces.

Inventory:

Hand Weapons
 c - a cursed -3 mace
 d - a +0 spear
 e - a +1 hand axe of draining
 f - a +0 short sword
 s - a +0 scythe (weapon)
Armour
 a - a +0 hat (worn)
Jewellery
 h - an uncursed ring of protection from magic {unknown}
 m - a +6 ring of dexterity {unknown}
Scrolls
 i - a scroll of fog {unknown}
 j - a scroll of enchant weapon {unknown}
 k - a scroll of noise {unknown}
 n - a scroll of fear {unknown}
 p - a scroll of remove curse {unknown}
 u - a scroll of blinking {unknown}
 v - a scroll of amnesia {unknown}
Potions
 q - a potion of heal wounds {unknown}
 r - a potion of agility
 t - a potion of might {unknown}
Books
 b - a book of Minor Magic

   Spells                             Type                      Level
   a - Magic Dart                     Conjuration                  1
   b - Blink                          Translocation                2
   c - Call Imp                       Summoning                    2
   d - Slow                           Hexes                        2
   e - Conjure Flame                  Conjuration/Fire             3
   f - Mephitic Cloud                 Conjuration/Poison/Air       3
Comestibles
 g - 4 chunks of flesh
 l - a bread ration


   Skills:
 - Level 2.0 Fighting
 - Level 2.0 Dodging
 - Level 2.8 Stealth
 + Level 3.8 Spellcasting
 * Level 3.1 Conjurations
 - Level 1.0 Summonings
 - Level 1.0 Translocations
 * Level 3.4 Poison Magic


You had 4 spell levels left.
You knew the following spells:

 Your Spells              Type           Power        Failure   Level  Hunger
a - Magic Dart            Conj           ###.         3%          1    None
b - Call Imp              Summ           #.......     12%         2    #......
c - Blink                 Tloc           N/A          12%         2    #......
d - Mephitic Cloud        Conj/Pois/Air  ##......     14%         3    ###....


Dungeon Overview and Level Annotations

Branches:
Dungeon (3/15)

Altars:
The Shining One

Annotations:
D:3 Doomgape's ghost, amateur FeBe


Innate Abilities, Weirdness & Mutations

You cannot wear most types of armour.
You are very stealthy in the water. (Stealth+)
You are amphibious.
You can wear up to eight rings at the same time.
You can use your tentacles to constrict eight enemies at once.
Your skin changes colour to match your surroundings (Stealth+).
Your rubbery body absorbs attacks. (AC +1, EV +1)


Message History

Casting: Blink
Confirm with . or Enter, or press ? or * to list all spells.
You blink.
Your crimson imp blinks!
Attack whom?
Press: ? - help, Dir - move target cursor, f - Doomgape's ghost
Aim: Doomgape's ghost (lightly damaged)
You reach to attack!
You barely miss Doomgape's ghost.
Doomgape's ghost is lightly damaged.
Your crimson imp blinks!
Doomgape's ghost hits you!
* * * LOW HITPOINT WARNING * * *
Your crimson imp blinks!
Casting: Blink
Confirm with . or Enter, or press ? or * to list all spells.
Okay, then.
It was a potion of haste.
You feel yourself speed up.
Doomgape's ghost tries to blend into its surroundings.
Doomgape's ghost hits you.
You die...

# #...........### #
#####.........# #
####.#..#.# # #.#..#
# # #...%# # ##'### #
#♣...♣# # ### #.W...#
# ##.########♣@..♣# #
##[#......##5....#
####.###.########_###
....## ##.# ###
####.###§## ##.#§##
##.## ###


You could see Doomgape's ghost and a friendly crimson imp.

Vanquished Creatures
  Sigmund (D:3)
  An adder (D:3)
  2 dart slugs
  A leopard gecko (D:2)
  An orc (D:3)
  4 giant cockroaches
  13 goblins
  6 hobgoblins
  6 kobolds
  8 bats
  3 frilled lizards
  6 rats
52 creatures vanquished.

Vanquished Creatures (collateral kills)
  Robin (D:2)
  An adder (D:2)
  2 worms (D:2)
  A goblin (D:2)
5 creatures vanquished.

Grand Total: 57 creatures vanquished

Notes
Turn   | Place    | Note
-------+----------+-------------------------------------------
     0 | D:1      | Folque the Octopode Wizard began the quest for the Orb.
     0 | D:1      | Reached XP level 1. HP: 11/11 MP: 4/4
   202 | D:1      | Reached skill level 1 in Fighting
   273 | D:1      | Reached XP level 2. HP: 18/18 MP: 6/6
   581 | D:1      | Learned a level 2 spell: Call Imp
   584 | D:1      | Learned a level 2 spell: Blink
  1158 | D:1      | Reached XP level 3. HP: 18/24 MP: 5/7
  1163 | D:1      | Learned a level 3 spell: Mephitic Cloud
  1367 | D:2      | Noticed Robin
  1494 | D:2      | Killed Robin
  1825 | D:2      | Reached skill level 1 in Poison Magic
  1828 | D:2      | Reached XP level 4. HP: 28/29 MP: 3/9
  2270 | D:3      | Noticed Sigmund
  2315 | D:3      | Killed Sigmund
  2315 | D:3      | Reached XP level 5. HP: 34/34 MP: 4/10
  2459 | D:3      | Reached XP level 6. HP: 22/39 MP: 9/11
  2515 | D:3      | Noticed Doomgape's ghost (amateur FeBe)
  2549 | D:3      | Found a glowing golden altar of the Shining One.
  2552 | D:3      | HP: 1/39 [Doomgape's ghost (17)]
  2553 | D:3      | Slain by Doomgape's ghost

Skill      XL: |  1  2  3  4 |
---------------+-------------+-----
Fighting       | 1 2 |  2.0
Poison Magic   | 1 3 |  3.4
Conjurations   | 3 |  3.1
Dodging        | |  2.0
Stealth        | |  2.8
Spellcasting   | |  3.8
Summonings     | |  1.0
Translocations | |  1.0

Action                   |  1- 3 |  4- 6 || total
-------------------------+-------+-------++-------
Melee: Spear             |   135 |    44 ||   179
       Constrict         |    22 |     8 ||    30
       Tentacles         |     9 |     2 ||    11
       Scythe            |       |    12 ||    12
 Cast: Magic Dart        |     8 |       ||     8
       Call Imp          |     4 |    12 ||    16
       Mephitic Cloud    |     3 |     2 ||     5
       Blink             |       |     2 ||     2
  Use: Potion            |     1 |     1 ||     2
 Stab: Sleeping          |     9 |     5 ||    14
       Distracted        |     1 |       ||     1
       Confused          |       |     1 ||     1
  Eat: Bread ration      |     1 |       ||     1
       Chunk             |       |     2 ||     2
Armor: Skin              |    15 |     3 ||    18
Dodge: Dodged            |    68 |    17 ||    85
